Map: Pride of Altaris LE

Players

DeathdealeR

  • Race: Terran Terran
  • League: Master
  • Spawn Location: 11:00

Warthog - Winner!

  • Race: Terran Terran
  • League: Master
  • Spawn Location: 5:00

VOD

Have the link to the VOD?

Description

Time

  • Played on: Jan. 11, 2022, 7:47 p.m.
  • Length: 3:42
Show
View Real Time Build Order
Export as new Build Order

DeathdealeR Terran 

Build Orders:  

Get SALT Encoding   

  12  0:00  SCV  
  13  0:12  SCV  
  14  0:17  Supply Depot  
  14  0:24  SCV  
  15  0:38  SCV  
  15  0:42  Barracks  
  16  0:46  Refinery  
  16  0:51  SCV  
  17  0:58  Barracks  
  17  1:03  SCV  
  18  1:15  SCV  
  19  1:29  Reaper, Orbital Command  
  19  1:31  Supply Depot  
  20  1:47  Reaper  
  21  1:55  SCV  
  22  2:06  Reaper  
  22  2:07  SCV  
  24  2:13  Command Center  
  24  2:17  Refinery  
  24  2:23  Reaper  
  24  2:24  SCV  
  26  2:31  Barracks  
  26  2:36  SCV  
  26  2:48  SCV  
  27  2:54  Barracks Reactor  
  27  2:55  Barracks Tech Lab  
  27  3:00  SCV  
  28  3:12  Supply Depot, SCV  
  29  3:24  SCV  
Show
View Real Time Build Order
Export as new Build Order

Warthog Terran - Winner!

Build Orders: Cyclone Opening 

Get SALT Encoding   

  12  0:01  SCV  
  13  0:13  SCV  
  14  0:18  Supply Depot  
  14  0:25  SCV  
  15  0:40  SCV  
  15  0:41  Barracks  
  16  0:45  Refinery  
  16  0:52  SCV  
  17  0:57  Refinery  
  17  1:04  SCV  
  18  1:16  SCV  
  19  1:28  Reaper  
  19  1:29  Orbital Command  
  20  1:43  Factory  
  20  1:51  Supply Depot  
  20  1:54  SCV  
  20  2:00  Reaper  
  22  2:07  SCV  
  23  2:19  SCV  
  24  2:22  Command Center  
  24  2:26  Factory Tech Lab  
  24  2:31  SCV  
  24  2:33  Barracks Reactor  
  24  2:45  Cyclone  
  24  2:46  SCV  
  28  2:54  Supply Depot  
  28  2:58  SCV  
  29  2:59  Barracks  
  29  3:10  SCV  
  30  3:24  SCV  
Tags
 
Add a new tag
Caveats
  • Supply blocks, unpowered buildings, or Contaminate may cause inaccurate times.
  • Supply counts are checked every 10 seconds.